 Dungeon Crawl Stone Soup version 0.25-a0-651-g8c222c7a2b (webtiles) character file.

Game seed: 8237248616338678690, levelgen mode: deterministic

9124 Laukis the Cleaver (level 11, -1/92 HPs)
             Began as a Demonspawn Fighter on Mar 22, 2020.
             Was a High Priest of Okawaru.
             Blown up by Erolcha (13 damage)
             ... with a disintegration bolt
             ... on level 10 of the Dungeon.
             The game lasted 00:41:39 (12264 turns).

Laukis the Cleaver (Demonspawn Fighter)            Turns: 12264, Time: 00:41:39

Health: -1/92      AC: 14    Str: 20    XL:     11   Next: 18%
Magic:  0/11       EV:  8    Int: 10    God:    Okawaru [*****.]
Gold:   681        SH: 12    Dex: 12    Spells: 10/10 levels left

rFire    . . .     SeeInvis .   a - +0 war axe
rCold    . . .     Gourm    .   c - +0 kite shield
rNeg     + + .     Faith    .   H - +0 swamp dragon scales
rPois    +         Spirit   +   (helmet restricted)
rElec    .         Reflect  +   i - scarf {repulsion}
rCorr    .         Harm     .   p - +0 pair of gloves
MR       .....                  (no boots)
Stlth    +.........             g - +3 amulet of reflection
HPRegen  0.25/turn              b - ring of positive energy
MPRegen  0.24/turn              J - ring of positive energy (curse)

@: sanguine armour, repel missiles
A: horns 2, demonic guardian 1, magic shield, magic regeneration, magic link,
sanguine armour 1
a: Heroism, Finesse, Renounce Religion


You were on level 10 of the Dungeon.
You worshipped Okawaru.
Okawaru was extremely pleased with you.
You were hungry.

You visited 2 branches of the dungeon, and saw 11 of its levels.

You collected 681 gold pieces.

Inventory:

Hand Weapons
 a - a +0 war axe (weapon)
Missiles
 k - 46 poisoned darts (quivered)
 x - 2 curare-tipped darts
 I - 3 datura-tipped darts
Armour
 c - a +0 kite shield (worn)
 i - a scarf of repulsion (worn)
 j - a +0 plate armour
 p - a +0 pair of gloves (worn)
 H - +0 swamp dragon scales (worn)
Jewellery
 b - a ring of positive energy (left hand)
 g - a +3 amulet of reflection (around neck)
 J - a cursed ring of positive energy (right hand)
Wands
 y - a wand of random effects (17)
 C - a wand of acid (12)
 D - a wand of digging (3)
 K - a wand of disintegration (15)
 M - a wand of paralysis (4)
 P - a wand of flame (17)
Scrolls
 e - 2 scrolls of fog
 h - 4 scrolls of teleportation
 n - 3 scrolls of enchant armour {unknown}
 s - 6 scrolls of remove curse
 t - 2 scrolls of noise {unknown}
 A - a scroll of random uselessness {unknown}
 B - a scroll of immolation {unknown}
 F - a scroll of identify
 L - 2 scrolls of magic mapping {unknown}
 N - a scroll of vulnerability {unknown}
 O - a scroll of blinking {unknown}
 Q - a scroll of amnesia {unknown}
Potions
 d - a potion of might
 l - a potion of brilliance
 m - 4 potions of haste
 o - 2 potions of mutation {unknown}
 q - a potion of berserk rage {unknown}
 r - 4 potions of curing
 u - a potion of flight {unknown}
 v - 2 potions of heal wounds {unknown}
 w - 5 potions of lignification
 z - 2 potions of magic {unknown}
 E - a potion of stabbing {unknown}
 G - a potion of degeneration {unknown}
Comestibles
 f - 18 rations


   Skills:
 + Level 10.5 Fighting
 * Level 12.9 Axes
 - Level 2.6 Armour
 - Level 2.6 Shields


You had 10 spell levels left.
You didn't know any spells.
Your spell library was empty.

Dungeon Overview and Level Annotations

Branches:
Dungeon (10/15)            Temple (1/1) D:6            Lair (0/6) D:9
    Orc: D:9-12

Altars:
Ashenzari
Cheibriados
Dithmenos
Elyvilon
Fedhas
Gozag
Hepliaklqana
Kikubaaqudgha
Makhleb
Nemelex Xobeh
Okawaru
Qazlal
Ru
Sif Muna
Trog
Uskayaw
Vehumet
Wu Jian
Xom
Yredelemnul
Zin
The Shining One

Shops:
D:4 ([:   D:5 *   D:7 }   D:8 *

Annotations:
D:9 1 runed translucent door, Osotruyt's ghost, novice DsAK
D:10 Erolcha


Innate Abilities, Weirdness & Mutations

You have a pair of horns on your head.
A weak demonic guardian rushes to your aid.
When hurt, damage is shared between your health and your magic reserves.
You regenerate magic rapidly.
When low on magic, you restore magic in place of health.
When seriously injured, your bleeding wounds create armour. (AC +6)


Message History

Erolcha screams, "Erolcha angry!"
Something hits you! Something hits you but does no damage.
Something hits you but does no damage. Something hits you!
* * * LOW HITPOINT WARNING * * *
Something hits you!
* * * LOW HITPOINT WARNING * * *
Something hits you.
* * * LOW HITPOINT WARNING * * *
You block something's attack. Something hits you!
* * * LOW HITPOINT WARNING * * *
Something hits you but does no damage. Something hits you but does no damage.
Something hits you but does no damage.
There is a stone staircase leading up here.
Something hits you.
* * * LOW HITPOINT WARNING * * *
Erolcha zaps a wand.
You are blasted!
You die...

...######....#
............##########
...#######.###.......##.#
.### #.....+.......##.# ..
.#
#.##.##.......##.#######..
.#
#.##..#.......##.#........
.#
#.###.#.......##.#........
.#######.#
#O#.......##..........
......##.#
#.#.O@)...##..........
.####.##.#
#......).............. .#
#....#
##.####......#........
#####.#### #..#
#.....)#........ #.....#
##.# ######)#........
#####.######
#.########.#........
....#'#.[..#
#.....#......#######
...#...#... #.....#......#
..#.....#...
#.....#......#


You could see Erolcha.

Vanquished Creatures
  A two-headed ogre (D:10)
  Maggie (D:6)
  Prince Ribbit (D:9)
  A troll (D:10)
  A spriggan (D:7)
  A shadow (D:10)
  2 wyverns
  Sigmund (D:3)
  7 yaks
  Edmund (D:6)
  A water moccasin (D:8)
  4 porcupines (D:9)
  4 ice beasts
  3 orc warriors
  An eye of draining (D:9)
  A phantom (D:4)
  4 black bears
  3 ogres
  3 centaurs
  4 crocodiles (D:9)
  A big kobold (D:7)
  3 bullfrogs
  4 scorpions
  12 killer bees
  5 wights
  6 crimson imps
  A quasit (D:8)
  A bullfrog zombie (D:9)
  2 centaur skeletons (D:8)
  3 centaur zombies
  2 hounds
  13 orc priests
  2 jellies
  10 orc wizards
  2 bullfrog skeletons
  A gnoll shaman (D:7)
  An iguana (D:4)
  Terence (D:3)
  8 worker ants
  A hound zombie (D:9)
  A hound skeleton (D:8)
  A worker ant zombie (D:10)
  5 gnolls (D:7)
  12 adders
  2 shadow imps
  An ooze (D:1)
  An adder skeleton (D:6)
  5 worms
  2 dart slugs (D:1)
  4 leopard geckos
  32 orcs
  2 ball pythons
  5 giant cockroaches
  5 goblins
  4 hobgoblins
  18 jackals
  11 kobolds
  8 quokkas
  9 bats
  10 frilled lizards
  A quokka skeleton (D:4)
  2 quokka zombies
  6 rats
  2 plants (D:9)
273 creatures vanquished.

Vanquished Creatures (collateral kills)
  A yak (D:9)
  A hornet zombie (D:6)
  2 killer bees (D:7)
  An orc priest (D:6)
  A hound (D:5)
  3 gnolls (D:7)
  An adder (D:6)
  2 leopard geckos
  6 orcs
  A frilled lizard (D:3)
19 creatures vanquished.

Vanquished Creatures (others)
  2 fungi (D:9)
  11 plants (D:9)
  6 toadstools (D:7)
19 creatures vanquished.

Grand Total: 311 creatures vanquished

Notes
Turn   | Place    | Note
-------+----------+-------------------------------------------
     0 | D:1      | Laukis the Demonspawn Fighter began the quest for the Orb.
     0 | D:1      | Reached XP level 1. HP: 18/18 MP: 1/1
    24 | D:1      | Reached skill level 2 in Axes
    90 | D:1      | Gained mutation: When seriously injured, your bleeding
                  | wounds create armour. (AC +6) [demonic ancestry]
    90 | D:1      | Reached XP level 2. HP: 24/24 MP: 2/2
   454 | D:1      | Gained mutation: You have a pair of small horns on your
                  | head. [demonic ancestry]
   454 | D:1      | Reached XP level 3. HP: 29/29 MP: 3/3
   786 | D:1      | Reached skill level 3 in Axes
  1302 | D:2      | Gained mutation: A weak demonic guardian rushes to your
                  | aid. [demonic ancestry]
  1302 | D:2      | Reached XP level 4. HP: 37/37 MP: 4/4
  1556 | D:2      | Found a glowing golden altar of the Shining One.
  2155 | D:3      | Reached skill level 4 in Axes
  2155 | D:3      | Gained mutation: When hurt, damage is shared between your
                  | health and your magic reserves. [demonic ancestry]
  2155 | D:3      | Reached XP level 5. HP: 41/42 MP: 5/5
  2419 | D:3      | Noticed Terence
  2428 | D:3      | Killed Terence
  2625 | D:3      | Noticed Sigmund
  2645 | D:3      | Killed Sigmund
  2645 | D:3      | Reached skill level 5 in Axes
  2645 | D:3      | Reached XP level 6. HP: 38/49 MP: 6/6
  3129 | D:4      | Reached skill level 5 in Fighting
  3216 | D:4      | Found Beixa's Book Shoppe.
  3397 | D:4      | Gained mutation: You regenerate magic rapidly. [demonic
                  | ancestry]
  3397 | D:4      | Reached XP level 7. HP: 50/56 MP: 7/7
  3672 | D:4      | Found Heluyhoa's Antique Weapon Boutique.
  3801 | D:4      | Found Leudefo's Armour Shop.
  3911 | D:5      | Entered Level 5 of the Dungeon
  3912 | D:5      | Found Coarrim's Elemental Accessories.
  3940 | D:4      | Reached skill level 6 in Axes
  4573 | D:5      | Reached skill level 7 in Axes
  5020 | D:6      | Gained mutation: You have a pair of horns on your head.
                  | [demonic ancestry]
  5020 | D:6      | Reached XP level 8. HP: 51/64 MP: 8/8
  5158 | D:6      | Noticed Edmund
  5171 | D:6      | Killed Edmund
  5207 | D:6      | Found a staircase to the Ecumenical Temple.
  5228 | Temple   | Entered the Ecumenical Temple
  5377 | Temple   | Became a worshipper of Warmaster Okawaru
  5713 | D:6      | Noticed Maggie
  5734 | D:6      | Killed Maggie
  5734 | D:6      | Reached skill level 8 in Axes
  6108 | D:6      | Reached * piety under Okawaru
  6334 | D:6      | Reached skill level 9 in Axes
  6511 | D:6      | Reached XP level 9. HP: 48/72 MP: 6/9
  7524 | D:7      | Reached ** piety under Okawaru
  7544 | D:7      | Found a bloodstained altar of Trog.
  7719 | D:7      | Found Laffanif's Gadget Shop.
  7867 | D:7      | Reached skill level 10 in Axes
  8531 | D:8      | Found a basalt altar of Yredelemnul.
  8677 | D:8      | Found Gegoff's General Store.
  8690 | D:8      | Reached *** piety under Okawaru
  8710 | D:8      | Gained mutation: When low on magic, you restore magic in
                  | place of health. [demonic ancestry]
  8710 | D:8      | Reached XP level 10. HP: 22/82 MP: 4/10
  8711 | D:8      | Reached skill level 11 in Axes
  9403 | D:8      | Reached **** piety under Okawaru
  9771 | D:9      | Found a runed translucent door.
 10159 | D:9      | Reached skill level 12 in Axes
 10306 | D:9      | Reached ***** piety under Okawaru
 10381 | D:9      | Noticed Prince Ribbit
 10680 | D:9      | Found a staircase to the Lair.
 10690 | D:9      | Reached skill level 10 in Fighting
 10755 | D:9      | Killed Prince Ribbit
 11074 | D:9      | Noticed Osotruyt's ghost (novice DsAK)
 11074 | D:9      | Identified the +10 spear of Hubris {pain, Fragile rElec
                  | rF++}
 11163 | D:10     | Entered Level 10 of the Dungeon
 11280 | D:10     | Reached XP level 11. HP: 63/91 MP: 11/11
 11517 | D:10     | Noticed a two-headed ogre
 11579 | D:10     | Killed a two-headed ogre
 12249 | D:10     | Noticed Erolcha
 12264 | D:10     | Blown up by Erolcha

Levels and vault maps discovered:
D:1:      onia_arrival_pentagram, layout_loops_corners, serial_forest,
          infiniplex_forest_lined_3_way, infiniplex_forest_end_double,
          infiniplex_forest_join, infiniplex_forest_pool,
          infiniplex_forest_lined_room_3, infiniplex_forest_join,
          infiniplex_forest_end_2, infiniplex_forest_straight_2,
          infiniplex_forest_lined_corner
D:2:      layout_loops_ring, nicolae_tso_carved_into_rock
D:3:      layout_loops_ring, serial_glass, glass_columns_a, glass_columns_a,
          glass_columns_a, glass_columns_a, glass_columns_a, glass_columns_c,
          glass_columns_a, glass_columns_b, grunt_decor_mini_mirrors,
          uniq_sigmund, uniq_terence
D:4:      layout_basic, serial_shops, shop, kennysheep_little_box,
          nicolae_shop_stone
D:5:      layout_cave_pools, first_ration, nicolae_elemental_shop
D:6:      layout_loops_cross, minmay_temple_entry_glass, uniq_maggie,
          uniq_edmund
D:7:      layout_rooms, bloody_trog, serial_shops, nicolae_shop_behind_doors,
          the_bakery, minmay_gold_behind_fungi
D:8:      layout_basic, lemuel_round_altar, serial_shops, kennysheep_mini,
          nrook_mini_backslash
D:9:      layout_rooms, minmay_lair_entry_grove, ebering_ghost_funeral_grove,
          uniq_prince_ribbit1
D:10:     kennysheep_ambush_hall, layout_basic, uniq_erolcha
Temple:   regret_index_temple_chain_breaker

Skill      XL: |  1  2  3  4  5  6  7  8  9 10 |
---------------+-------------------------------+-----
Axes           | 2 3 4 5 7 9 10 12 | 12.9
Fighting       | 4 5 6 7 8 10 | 10.5
Armour         | |  2.6
Shields        | |  2.6

Action                   |  1- 3 |  4- 6 |  7- 9 | 10-12 || total
-------------------------+-------+-------+-------+-------++-------
Melee: War axe           |   114 |   144 |   497 |   286 ||  1041
       Headbutt          |     7 |    22 |    82 |    65 ||   176
Throw: Dart              |       |     9 |    18 |    12 ||    39
  Use: Scroll            |       |     4 |     6 |       ||    10
       Potion            |       |       |       |     1 ||     1
 Stab: Distracted        |       |       |     1 |     3 ||     4
  Eat: Chunk             |     1 |     7 |    16 |     6 ||    30
       Ration            |       |       |       |     2 ||     2
Armor: Scale mail        |    57 |    65 |    87 |       ||   209
       Swamp dragon scal |       |       |   119 |   102 ||   221
Dodge: Dodged            |    32 |    44 |   137 |    63 ||   276
       Deflected         |     3 |     3 |     3 |     4 ||    13
Block: Kite shield       |    63 |    81 |   320 |   165 ||   629
       Reflection        |       |       |     8 |     6 ||    14

Table legend:
 A = Non-vault XP
 B = Vault XP
 C = Vault XP percentage of total XP
 D = Non-vault monster count
 E = Vault monster count
 F = Vault count percentage of total count
                 A         B        C        D         E       F
            +---------+---------+-------+---------+---------+-------
      Total |    8508 |    4527 |  34.7 |     263 |      27 |   9.3
            +---------+---------+-------+---------+---------+-------
        D:1 |      58 |       0 |   0.0 |      30 |       0 |   0.0
        D:2 |      75 |       0 |   0.0 |      21 |       0 |   0.0
        D:3 |     154 |     198 |  56.2 |      18 |       2 |  10.0
        D:4 |     432 |       0 |   0.0 |      24 |       0 |   0.0
        D:5 |     472 |       0 |   0.0 |      23 |       0 |   0.0
        D:6 |     971 |     523 |  35.0 |      34 |       2 |   5.6
        D:7 |    1077 |     202 |  15.8 |      39 |       1 |   2.5
        D:8 |    3044 |       0 |   0.0 |      39 |       0 |   0.0
        D:9 |     876 |    2079 |  70.4 |      17 |      14 |  45.2
       D:10 |    1349 |    1525 |  53.1 |      18 |       8 |  30.8
            +---------+---------+-------+---------+---------+-------
